 Dungeon Crawl Stone Soup version 0.31-a0-188-g5e087ee2ca (webtiles) character file.

Game seed: 1579037709163828819

184 qw the Skirmisher (level 5, 0/29 HPs)
             Began as a Deep Elf Hunter on June 23, 2023.
             Slain by a gnoll
             ... wielding a +0 halberd
             ... led by a gnoll bouda
              (2 damage)
             ... on level 4 of the Dungeon.
             The game lasted 00:00:58 (2918 turns).

qw the Skirmisher (Deep Elf Hunter)                 Turns: 2918, Time: 00:00:59

Health: 0/29       AC:  7    Str:  7    XL:     5   Next: 36%
Magic:  7/7        EV: 10    Int: 14    God:
Gold:   221        SH:  0    Dex: 15    Spells: 4/4 levels left

rFire   . . .        Y - +1 shortbow
rCold   . . .        (shield currently unavailable)
rNeg    . . .        f - +0 ring mail
rPois   +            a - +2 hat "Qifacw" {rPois Will+++ Str-3 Dex-3}
rElec   .            (no cloak)
rCorr   .            (no gloves)
SInv    .            (no boots)
Will    +++..        (no amulet)
Stlth   +            (no ring)
HPRegen 0.24/turn    (no ring)
MPRegen 0.10/turn

%: no passive effects
@: about to teleport
A: no striking features
a: no special abilities


You were on level 4 of the Dungeon.
You visited 1 branch of the dungeon, and saw 4 of its levels.

You collected 286 gold pieces.
You spent 65 gold pieces at shops.


   Skills:
 - Level 1.5 Fighting
 + Level 8.9 Ranged Weapons
 - Level 2.4 Dodging
 - Level 1.2 Stealth


You had 4 spell levels left.
You didn't know any spells.
Your spell library was empty.

Inventory:

Hand Weapons
 Y - a +1 shortbow (weapon)
Armour
 a - the +2 hat "Qifacw" (worn) {rPois Will+++ Str-3 Dex-3}
   (You acquired it on level 2 of the Dungeon)

   Str:       It affects your strength (-3).
   Dex:       It affects your dexterity (-3).
   rPois:     It protects you from poison.
   Will:      It greatly increases your willpower.
 d - a +0 helmet
 f - a +0 ring mail (worn)
Scrolls
 h - 2 scrolls of identify
 j - a scroll of teleportation
Potions
 b - 2 potions of mutation
 c - a potion of lignification {unknown}
 e - 2 potions of curing
 g - a potion of haste {unknown}
 i - a potion of might {unknown}

Dungeon Overview and Level Annotations

Branches:
Dungeon (4/15)
 Temple: D:4-7

Altars:
Dithmenos
Zin

Shops:
D:2 ?


Message History

You shoot an arrow. The arrow hits the gnoll bouda.
The gnoll bouda is lightly wounded.
The gnoll bouda closely misses you.
The gnoll hits you from afar with a +0 halberd!
You shoot an arrow. The arrow hits the gnoll bouda.
The gnoll bouda is moderately wounded.
The gnoll bouda barely misses you. The gnoll closely misses you.
You shoot an arrow.
The arrow closely misses the gnoll bouda.
The gnoll bouda barely misses you.
The gnoll hits you from afar with a +0 halberd!
You shoot an arrow. The arrow hits the gnoll bouda.
The gnoll bouda is heavily wounded.
The gnoll bouda completely misses you.
The gnoll hits you from afar with a +0 halberd.
The gnoll bouda barely misses you.
You shoot an arrow. The arrow hits the gnoll bouda.
The gnoll bouda is severely wounded.
The gnoll closely misses you.
The gnoll bouda hits you but does no damage.
You shoot an arrow.
The arrow hits the gnoll bouda but does no damage.
The gnoll bouda is severely wounded.
The gnoll is no longer moving quickly.
The gnoll hits you from afar with a +0 halberd.
The gnoll bouda barks out a call to the hunt!
The gnoll picks up the pace!
You shoot an arrow. The arrow hits the gnoll bouda.
The gnoll bouda is severely wounded.
The gnoll barely misses you.
The gnoll bouda mumbles some strange prayers to its god.
The gnoll bouda is healed somewhat.
The gnoll hits you from afar with a +0 halberd.
2918 ||| READING 2 scrolls of teleportation.
As you read the scroll of teleportation, it crumbles to dust.
You feel strangely unstable.
The gnoll is no longer moving quickly.
The gnoll bouda hits you with a +0 club.
The gnoll hits you from afar with a +0 halberd.
You die...

### #..........#.P77
##.###...<...P77 #.#
#......P7P7
########.####.#.#PP.P.
#...##..........#.P..#
###>..##.######..####..#
#........######..... ..#
#......g.gg...#..### .#
#......@.#.........# .
###...##.##g.....#..#
#...##.##...g...%..#
####.###.........#....#
#.....#####............#
#.....# #.......#.#.#.#
#.....# ##.....#.......
##.#### #....#........
#.# #...#.........


You could see a gnoll bouda and 2 gnolls.

Vanquished Creatures
  An iguana (D:4)
  4 gnolls (D:3)
  3 adders
  A white imp (D:4)
  A worm (D:2)
  3 dart slugs
  An orc (D:4)
  A bat (D:1)
  7 endoplasms
  3 giant cockroaches
  9 goblins
  7 hobgoblins
  2 jackals (D:1)
  7 kobolds
  5 quokkas
  6 ball pythons
  3 frilled lizards
  7 rats
71 creatures vanquished.

Notes
Turn   | Place    | Note
-------+----------+-------------------------------------------
     0 | D:1      | qw the Deep Elf Hunter began the quest for the Orb.
     0 | D:1      | Reached XP level 1. HP: 12/12 MP: 3/3
     0 | D:1      | 0 ||| qw: Version: 0.3-a-9-g12657ce
     0 | D:1      | 0 ||| qw: Game counter: 3999
     0 | D:1      | 0 ||| qw: Always use a shield: true
     0 | D:1      | 0 ||| qw: God list: Okawaru
     0 | D:1      | 0 ||| qw: Allow faded altars: false
     0 | D:1      | 0 ||| qw: Do Orc after D:15 true
     0 | D:1      | 0 ||| qw: Do second Lair branch before Depths: true
     0 | D:1      | 0 ||| qw: Lair rune preference: random
     0 | D:1      | 0 ||| qw: Plans: Normal
     0 | D:1      | 0 ||| PLANNING D:1-11
    22 | D:1      | Reached XP level 2. HP: 8/16 MP: 4/4
    23 | D:1      | Reached skill level 6 in Ranged Weapons
   418 | D:1      | 418 ||| FLEEEEING.
   420 | D:1      | 420 ||| FLEEEEING.
   421 | D:1      | 421 ||| FLEEEEING.
   422 | D:1      | 422 ||| FLEEEEING.
   423 | D:1      | 423 ||| FLEEEEING.
   424 | D:1      | 424 ||| FLEEEEING.
   425 | D:1      | 425 ||| FLEEEEING.
   426 | D:1      | 426 ||| FLEEEEING.
   427 | D:1      | 427 ||| FLEEEEING.
   541 | D:1      | Reached XP level 3. HP: 20/20 MP: 5/5
   741 | D:1      | 741 ||| UPGRADING to +0 ring mail.
   751 | D:1      | 751 ||| DROPPING +0 leather armour.
   752 | D:1      | 752 ||| READING scroll labelled ZOJAT ZOERGHUIQ.
   756 | D:1      | 756 ||| READING scroll labelled OLAYNN BOUTRA.
   757 | D:1      | 757 ||| DROPPING scroll of butterflies.
   826 | D:2      | Reached skill level 7 in Ranged Weapons
  1008 | D:2      | Found a faded altar of an unknown god.
  1103 | D:2      | Found Inyu's Magic Scroll Emporium.
  1114 | D:2      | 1114 ||| BUYING scroll of identify (26 gold).
  1114 | D:2      | Bought a scroll of identify for 26 gold pieces
  1114 | D:2      | 1114 ||| BUYING scroll of teleportation (39 gold).
  1114 | D:2      | Bought a scroll of teleportation for 39 gold pieces
  1360 | D:2      | 1360 ||| UPGRADING to +0 helmet.
  1365 | D:2      | 1365 ||| READING scroll labelled VEULYO GUQU.
  1366 | D:2      | 1366 ||| READING scroll labelled HUSSIWNAOTT.
  1366 | D:2      | Identified a scroll of acquirement
  1366 | D:2      | 1366 ||| ACQUIRING +2 hat "Qifacw" {rPois Will+++ Str-3
                  | Dex-3}
  1366 | D:2      | Acquired the +2 hat "Qifacw" {rPois Will+++ Str-3 Dex-3}
  1368 | D:2      | 1368 ||| UPGRADING to +2 hat "Qifacw" {rPois Will+++ Str-3
                  | Dex-3}.
  1378 | D:2      | 1378 ||| READING scroll labelled UWISIFY SIEHO.
  1379 | D:2      | 1379 ||| DRINKING 2 viscous coppery potions.
  1437 | D:3      | Reached XP level 4. HP: 25/25 MP: 6/6
  1558 | D:3      | Found a shadowy altar of Dithmenos.
  1686 | D:3      | 1686 ||| FLEEEEING.
  1687 | D:3      | 1687 ||| FLEEEEING.
  1688 | D:3      | 1688 ||| FLEEEEING.
  1689 | D:3      | 1689 ||| FLEEEEING.
  1690 | D:3      | 1690 ||| FLEEEEING.
  1691 | D:3      | 1691 ||| FLEEEEING.
  1692 | D:3      | 1692 ||| FLEEEEING.
  1693 | D:3      | 1693 ||| FLEEEEING.
  1694 | D:3      | 1694 ||| FLEEEEING.
  1695 | D:3      | 1695 ||| FLEEEEING.
  1696 | D:3      | 1696 ||| FLEEEEING.
  1697 | D:3      | 1697 ||| FLEEEEING.
  1698 | D:3      | 1698 ||| FLEEEEING.
  1699 | D:3      | 1699 ||| FLEEEEING.
  1700 | D:3      | 1700 ||| FLEEEEING.
  1701 | D:3      | 1701 ||| FLEEEEING.
  1702 | D:3      | 1702 ||| FLEEEEING.
  1712 | D:3      | Reached skill level 8 in Ranged Weapons
  2216 | D:3      | 2216 ||| READING 2 scrolls of identify.
  2216 | D:3      | 2216 ||| IDENTIFYING amethyst potion
  2479 | D:4      | Reached XP level 5. HP: 29/29 MP: 7/7
  2601 | D:4      | Found a glowing silver altar of Zin.
  2712 | D:4      | 2712 ||| FLEEEEING.
  2895 | D:4      | 2895 ||| Stepping ~*~*~tactically~*~*~ (outnumbered).
  2897 | D:4      | 2897 ||| Stepping ~*~*~tactically~*~*~ (outnumbered).
  2899 | D:4      | 2899 ||| Stepping ~*~*~tactically~*~*~ (outnumbered).
  2902 | D:4      | 2902 ||| Stepping ~*~*~tactically~*~*~ (outnumbered).
  2917 | D:4      | HP: 7/29 [gnoll/+0 halberd[a gnoll bouda] (2)]
  2918 | D:4      | 2918 ||| READING 2 scrolls of teleportation.
  2918 | D:4      | HP: 2/29 [gnoll bouda/+0 club (6)]
  2918 | D:4      | Slain by a gnoll

Levels and vault maps discovered:
D:1:      minmay_arrival_plants_in_alcoves, layout_loops_ring,
          minmay_gold_behind_fungi
D:2:      layout_loops_cross, serial_shops, shop,
          ebering_ecumenical_altar_abandoned
D:3:      layout_loops_ring, led_sif_pool, mainiacjoe_overflow_24_doors,
          corexii_item_surrounded_by_moat
D:4:      layout_loops_corners, zin_scriptorium, serial_forest,
          infiniplex_forest_split, infiniplex_forest_straight_3,
          infiniplex_forest_clump_diagonal, infiniplex_forest_3_way,
          hangedman_decor_opposing

Skill      XL: |  1  2  3  4 |
---------------+-------------+-----
Ranged Weapons | 6 7 8 |  8.9
Fighting       | |  1.5
Dodging        | |  2.4
Stealth        | |  1.2

Action                     |  1- 3 |  4- 6 || total
---------------------------+-------+-------++-------
   Fire: Shortbow          |   106 |   102 ||   208
    Use: Scroll            |     5 |     2 ||     7
         Potion            |     1 |       ||     1
 Armour: Leather armour    |     4 |       ||     4
         Ring mail         |     1 |    16 ||    17
  Dodge: Dodged            |    17 |    31 ||    48

Table legend:
 A = Non-vault XP
 B = Vault XP
 C = Vault XP percentage of total XP
 D = Non-vault monster count
 E = Vault monster count
 F = Vault count percentage of total count
                 A         B        C        D         E       F
            +---------+---------+-------+---------+---------+-------
      Total |     264 |       0 |   0.0 |      71 |       0 |   0.0
            +---------+---------+-------+---------+---------+-------
        D:1 |      56 |       0 |   0.0 |      29 |       0 |   0.0
        D:2 |      33 |       0 |   0.0 |      11 |       0 |   0.0
        D:3 |      89 |       0 |   0.0 |      17 |       0 |   0.0
        D:4 |      86 |       0 |   0.0 |      14 |       0 |   0.0
            +---------+---------+-------+---------+---------+-------
